 Dungeon Crawl Stone Soup version 0.21-a0-584-g185da8e (webtiles) character file.

14852 SpeedyPerson7 the Severer (level 11, -7/107 HPs)
             Began as a Minotaur Berserker on Dec 20, 2017.
             Was a High Priest of Trog.
             Mangled by a blink frog (13 damage)
             ... on level 2 of the Lair of Beasts.
             The game lasted 00:10:23 (9064 turns).

SpeedyPerson7 the Severer (Minotaur Berserker)      Turns: 9064, Time: 00:10:24

Health: -7/107     AC: 17    Str: 25    XL:     11   Next: 94%
Magic:  3/3        EV:  9    Int:  4    God:    Trog [*****.]
Gold:   438        SH:  0    Dex: 10    Spells: 10/10 levels left

rFire    . . .     SeeInvis .   y - +3 battleaxe (antimagic)
rCold    + + .     Gourm    .   (shield currently unavailable)
rNeg     . . .     Faith    .   q - +6 chain mail "Ivven" {rC++}
rPois    .         Spirit   .   (helmet restricted)
rElec    .         Reflect  .   (no cloak)
rCorr    .         Harm     .   G - +0 pair of gloves
MR       +++..                  (no boots)
Stlth    ..........             (no amulet)
HPRegen  1.27/turn              v - ring of stealth
MPRegen  0.08/turn              M - ring of protection from magic

@: starving, regenerating
A: retaliatory headbutt, horns 2
a: Berserk, Trog's Hand, Brothers in Arms, Burn Spellbooks, Renounce Religion


You were on level 2 of the Lair of Beasts.
You worshipped Trog.
Trog was extremely pleased with you.
You were starving.

You visited 2 branches of the dungeon, and saw 13 of its levels.
You also visited: Ossuary and Bailey.

You collected 438 gold pieces.

Inventory:

Hand Weapons
 y - a +3 antimagic battleaxe (weapon)
Missiles
 f - 2 throwing nets (quivered) {!f}
Armour
 q - the +6 chain mail "Ivven" (worn) {rC++}
   (You found it on level 8 of the Dungeon)

   It greatly protects you from cold.
 G - a +0 pair of gloves (worn)
Jewellery
 d - an uncursed ring of ice
 s - an uncursed ring of ice
 v - a ring of stealth (left hand)
 M - a ring of protection from magic (right hand)
Wands
 o - a wand of acid (6)
 w - a wand of flame (18)
 z - a wand of iceblast (3)
 A - a wand of paralysis (17)
 I - a wand of random effects (20)
Scrolls
 a - 5 scrolls of magic mapping {unknown}
 i - 10 scrolls of identify
 k - 3 scrolls of enchant armour {unknown}
 m - 2 scrolls of immolation {unknown}
 n - 5 scrolls of fear
 r - 4 scrolls of remove curse
 t - 5 scrolls of teleportation
 x - 3 scrolls of blinking
 C - 4 scrolls of noise {unknown}
 D - 2 scrolls of enchant weapon {unknown}
 E - a scroll of vulnerability {unknown}
 F - 2 scrolls of fog {unknown}
 J - 3 scrolls of amnesia {unknown}
Potions
 b - a potion of mutation {unknown}
 c - 5 potions of curing {unknown}
 g - a potion of flight {unknown}
 h - a potion of ambrosia {unknown}
 j - a potion of heal wounds {unknown}
 l - 4 potions of cancellation {unknown}
 p - 2 potions of lignification {unknown}
 u - a potion of haste {unknown}
 B - a potion of resistance {unknown}
Comestibles
 e - 26 rations


   Skills:
 + Level 13.2 Fighting
 * Level 17.5 Axes
 + Level 5.1 Armour
 - Level 2.1 Dodging


You had 10 spell levels left.
You didn't know any spells.

Dungeon Overview and Level Annotations

Branches:
Dungeon (11/15)              Lair (2/6) D:9             Orc (0/2) D:9
 Temple: D:4-7        Swamp: Lair:2-4    Shoals: Lair:2-4     Snake: Lair:2-4
 Spider: Lair:2-4

Altars:
Dithmenos
Fedhas
Hepliaklqana
Okawaru
Qazlal
Uskayaw
Yredelemnul


Innate Abilities, Weirdness & Mutations

You reflexively headbutt those who attack you in melee.
You have a pair of horns on your head.


Message History

You closely miss the blink frog. Your headbutt misses the blink frog.
The blink frog is moderately wounded.
The blink frog hits you but does no damage.
You hit the blink frog.
The blink frog's magic leaks into the air.
The blink frog is moderately wounded.
The blink frog hits you!
* * * LOW HITPOINT WARNING * * *
You slice the blink frog!!
The blink frog's magic leaks into the air.
The blink frog is almost dead.
You barely miss the blink frog. The blink frog closely misses you.
The blink frog blinks!
You miss the blink frog.
The blink frog is almost dead.
The blink frog hits you but does no damage.
You barely miss the blink frog. Your headbutt misses the blink frog.
The blink frog is almost dead.
The blink frog hits you!
You die...

##### ..#.# ..... ....# ......
...## ...(.. ..## ...... ..#
###...... ..### #........ ..#.#
#F##P#..# ...## ####@######. ..##
###.P#.†.≈####...###### ..##
##.......≈≈≈≈≈≈...P.#..# ...#
###..####..≈≈≈≈≈≈≈........
..P#####PP...###.#≈≈≈≈≈≈≈........
<...........##...#≈F≈≈≈≈≈........
.......#.#..## #.#≈≈≈≈≈≈.........
...#.#..#....# #.≈≈≈.≈...........
#....#......## #.................


You could see 2 blink frogs.

Vanquished Creatures
  A hydra (Lair:2)
  2 two-headed ogres
  A centaur zombie (D:9)
  A gargoyle (D:11)
  2 komodo dragons (Lair:2)
  3 blink frogs (Lair:2)
  A troll (D:10)
  A hippogriff (D:9)
  20 yaks
  A basilisk (D:9)
  A human (D:7)
  The ghost of KristoblXynda the Chucker, an amateur DrHu (D:3)
  2 steam dragons (D:11)
  4 hogs (D:7)
  4 vampire mosquitoes (Lair:1)
  An insubstantial wisp (Lair:1)
  4 water moccasins
  5 porcupines (Lair:1)
  A black bear (D:11)
  6 orc warriors
  2 ice beasts
  A phantom (D:7)
  3 sky beasts
  An eye of draining (D:11)
  2 ogres
  9 centaurs
  5 crocodiles
  A big kobold (D:9)
  7 bullfrogs
  A wyvern zombie (D:7)
  A scorpion (D:10)
  4 killer bees (D:9)
  A wight (Ossuary)
  An electric eel (Lair:2)
  2 howler monkeys
  A crimson imp (D:6)
  A lava snake (Lair:2)
  2 bullfrog zombies
  5 jellies
  9 hounds
  8 orc priests
  A quasit (D:7)
  2 centaur skeletons
  3 bullfrog skeletons
  3 iguanas
  9 orc wizards
  3 worker ants
  A hound skeleton (D:6)
  A mummy (D:4)
  A worker ant zombie (D:11)
  5 gnolls
  A howler monkey skeleton (D:5)
  11 adders
  3 shadow imps
  An ooze (D:6)
  2 adder skeletons
  3 worms
  2 dart slugs (D:1)
  2 leopard geckos
  35 orcs
  3 giant cockroaches
  11 goblins
  9 hobgoblins
  2 jackals (D:8)
  7 bats
  3 frilled lizards
  14 kobolds
  A leopard gecko zombie (D:7)
  A quokka skeleton (D:7)
  7 rats
  A fungus (Lair:2)
277 creatures vanquished.

Notes
Turn   | Place    | Note
-------+----------+-------------------------------------------
     0 | D:1      | SpeedyPerson7 the Minotaur Berserker began the quest for the Orb.
     0 | D:1      | Reached XP level 1. HP: 19/19 MP: 0/0
    57 | D:1      | Reached skill level 4 in Axes
    65 | D:1      | Reached XP level 2. HP: 7/27 MP: 1/1
   354 | D:1      | Reached ** piety under Trog
   427 | D:2      | Reached XP level 3. HP: 31/33 MP: 2/2
   462 | D:2      | Found a shadowy altar of Dithmenos.
   494 | D:2      | Reached skill level 5 in Axes
   747 | D:2      | Reached XP level 4. HP: 35/41 MP: 3/3
   865 | D:3      | Found a shadowy altar of Dithmenos.
   925 | D:3      | Noticed KristoblXynda's ghost (amateur DrHu)
   935 | D:3      | Killed KristoblXynda's ghost
   935 | D:3      | Reached skill level 5 in Fighting
   935 | D:3      | Reached skill level 6 in Axes
   935 | D:3      | Reached XP level 5. HP: 48/48 MP: 4/4
  1106 | D:3      | Found an iron altar of Okawaru.
  1177 | D:4      | Reached skill level 7 in Axes
  1190 | D:4      | Noticed a centaur
  1195 | D:4      | Killed a centaur
  1195 | D:4      | Reached *** piety under Trog
  1195 | D:4      | Reached XP level 6. HP: 29/57 MP: 5/5
  1287 | D:4      | Found a sand-covered staircase.
  1327 | Ossuary  | Entered an ossuary
  1534 | Ossuary  | Reached skill level 8 in Axes
  1627 | D:4      | Found a basalt altar of Yredelemnul.
  1698 | D:4      | Reached XP level 7. HP: 63/63 MP: 6/6
  1725 | D:5      | Entered Level 5 of the Dungeon
  1735 | D:5      | Found a stormy altar of Qazlal.
  2011 | D:6      | Reached skill level 9 in Axes
  2341 | D:6      | Reached XP level 8. HP: 73/73 MP: 7/7
  2368 | D:6      | Reached skill level 10 in Axes
  2869 | D:7      | Reached skill level 11 in Axes
  2977 | D:7      | Reached XP level 9. HP: 69/83 MP: 8/8
  2979 | D:7      | Reached skill level 12 in Axes
  3133 | D:8      | Found a blossoming altar of Fedhas.
  3169 | D:7      | HP: 4/83 [hound (6)]
  3736 | D:8      | Reached **** piety under Trog
  4045 | D:8      | Found a hazy altar of Hepliaklqana.
  4045 | D:8      | Found a hide-covered altar of Uskayaw.
  4680 | D:8      | Reached skill level 13 in Axes
  4983 | D:8      | Got a fine chain mail
  4994 | D:8      | Identified the +6 chain mail "Ivven" {rC++} (You found it on level 8 of the Dungeon)
  5031 | D:9      | Reached skill level 10 in Fighting
  5183 | D:10     | Entered Level 10 of the Dungeon
  5185 | D:10     | Noticed a two-headed ogre
  5196 | D:10     | Killed a two-headed ogre
  5238 | D:10     | Noticed a troll
  5246 | D:10     | Killed a troll
  5246 | D:10     | Reached XP level 10. HP: 94/94 MP: 9/9
  5299 | D:10     | Reached skill level 14 in Axes
  5948 | D:10     | Found a flagged portal.
  5956 | Bailey   | Entered a bailey
  6253 | D:11     | Reached ***** piety under Trog
  6356 | D:11     | Noticed a gargoyle
  6366 | D:11     | Killed a gargoyle
  6394 | D:11     | Reached skill level 15 in Axes
  6944 | D:11     | Noticed a two-headed ogre
  6948 | D:11     | Killed a two-headed ogre
  7227 | D:9      | Found a staircase to the Orcish Mines.
  7236 | D:9      | Reached XP level 11. HP: 93/104 MP: 10/10
  7252 | D:9      | Received a gift from Trog
  7366 | D:9      | Found a staircase to the Lair.
  7373 | D:9      | Reached skill level 16 in Axes
  7497 | Lair:1   | Entered Level 1 of the Lair of Beasts
  8273 | Lair:1   | Reached skill level 17 in Axes
  8609 | Lair:2   | Noticed a five-headed hydra
  8619 | Lair:2   | Killed an 11-headed hydra
  9045 | Lair:2   | Reached skill level 5 in Armour
  9061 | Lair:2   | HP: 3/107 [blink frog (11)]
  9064 | Lair:2   | Mangled by a blink frog

Vault maps used:
D:1:      minmay_arrival_loop, st_stairs_11
D:2:      grunt_dithmenos_smoke_and_mirrors
D:3:      nicolae_overflow_hidden_temple, lemuel_round_altar
D:4:      lemuel_doored_altar, gup_ossuary_entry_pyramid
D:5:      kennysheep_mini_moat, first_ration
D:6:      item_on_display_a
D:7:      temple_statues, minmay_misc_feat_alley, grunt_livestock
D:8:      gammafunk_temple_overflow_elements, fedhas_bush_and_centaur_altar
D:9:      minmay_overflow_temple_star_quad, david_lair_generic
D:10:     enter_bailey_7
Lair:1:   pond, grunt_megastairs_5
Lair:2:   lab_entry_generic, lemuel_fruit_tree
Ossuary:  ossuary_due_cavern
Bailey:   bailey_polearm_2, bailey

Skill      XL: |  1  2  3  4  5  6  7  8  9 10 11 |
---------------+----------------------------------+-----
Axes           | 4 5 6 7 8 9 11 13 15 17 | 17.5
Fighting       | 4 5 6 7 9 10 12 13 | 13.2
Armour         | 5 |  5.1
Dodging        | |  2.1

Action                   |  1- 3 |  4- 6 |  7- 9 | 10-12 || total
-------------------------+-------+-------+-------+-------++-------
Melee: Hand axe          |    76 |    71 |   287 |       ||   434
       Headbutt          |    13 |    17 |    63 |    64 ||   157
       War axe           |       |       |     4 |   138 ||   142
       Battleaxe         |       |       |       |   150 ||   150
Invok: Berserk           |     1 |     3 |     9 |     6 ||    19
       Burn Spellbooks   |       |       |       |     2 ||     2
       Trog's Hand       |       |       |       |     1 ||     1
  Use: Scroll            |     4 |       |     1 |     1 ||     6
  Eat: Chunk             |       |     4 |    17 |    17 ||    38
       Ration            |       |     1 |       |       ||     1
Armor: Animal skin       |     6 |       |       |       ||     6
       Ring mail         |     5 |     4 |       |       ||     9
       Scale mail        |       |    22 |     1 |       ||    23
       Chain mail        |       |       |    61 |   141 ||   202
       Plate armour      |       |       |    33 |       ||    33
Dodge: Dodged            |    41 |    28 |    85 |    98 ||   252

Table legend:
 A = Spawn XP
 B = Non-spawn XP
 C = Spawn XP percentage of total XP
 D = Spawn monster count
 E = Non-spawn monster count
 F = Spawn count percentage of total count
 G = Total turns spent on level
                    A         B        C        D         E        F      G
               +---------+---------+-------+---------+---------+-------+---------
         Total |       0 |   21218 |   0.0 |       0 |     276 |   0.0 |  9064
               +---------+---------+-------+---------+---------+-------+---------
           D:1 |       0 |      36 |   0.0 |       0 |      19 |   0.0 |   418
           D:2 |       0 |      66 |   0.0 |       0 |      22 |   0.0 |   406
           D:3 |       0 |     226 |   0.0 |       0 |      17 |   0.0 |   311
           D:4 |       0 |     346 |   0.0 |       0 |      11 |   0.0 |   365
           D:5 |       0 |      43 |   0.0 |       0 |       4 |   0.0 |   216
           D:6 |       0 |     836 |   0.0 |       0 |      21 |   0.0 |   471
           D:7 |       0 |    1786 |   0.0 |       0 |      26 |   0.0 |  1249
           D:8 |       0 |     840 |   0.0 |       0 |      21 |   0.0 |  1331
           D:9 |       0 |    2570 |   0.0 |       0 |      42 |   0.0 |   447
          D:10 |       0 |    2376 |   0.0 |       0 |      24 |   0.0 |   929
          D:11 |       0 |    3196 |   0.0 |       0 |      23 |   0.0 |  1087
        Lair:1 |       0 |    5720 |   0.0 |       0 |      33 |   0.0 |   988
        Lair:2 |       0 |    3118 |   0.0 |       0 |      12 |   0.0 |   579
       Ossuary |       0 |      59 |   0.0 |       0 |       1 |   0.0 |   254
               +---------+---------+-------+---------+---------+-------+---------
